 Dungeon Crawl Stone Soup version 0.20-a0-1050-g57248f3 (webtiles) character file.

19 Goblin1989 the Chopper (level 2, -2/26 HPs)
             Began as a Hill Orc Berserker on Apr 25, 2017.
             Was a Follower of Trog.
             Slain by a leopard gecko (5 damage)
             ... on level 1 of the Dungeon.
             The game lasted 00:01:38 (194 turns).

Goblin1989 the Chopper (Hill Orc Berserker)          Turns: 194, Time: 00:01:39

Health: -2/26      AC:  2    Str: 19    XL:     2   Next: 75%
Magic:  2/2        EV: 12    Int:  7    God:    Trog [*.....]
Gold:   0          SH:  0    Dex: 10    Spells: 1/1 levels left

rFire    . . .     SeeInvis .   a - +0 hand axe
rCold    . . .     Gourm    .   (no shield)
rNeg     . . .     Faith    .   b - +0 animal skin
rPois    .         Spirit   .   (no helmet)
rElec    .         Reflect  .   (no cloak)
rCorr    .         Harm     .   (no gloves)
MR       .....                  (no boots)
Stlth    +.........             (no amulet)
Regen    0.1/turn               (no ring)
MPRegen  0.1/turn               (no ring)

@: exhausted
A: no striking features
a: Berserk, Burn Spellbooks, Renounce Religion


You were on level 1 of the Dungeon.
You worshipped Trog.
Trog was aware of your devotion.
You were not hungry.

You visited 1 branch of the dungeon, and saw 2 of its levels.

Inventory:

Hand Weapons
 a - a +0 hand axe (weapon)
Armour
 b - a +0 animal skin (worn)
Scrolls
 c - a scroll of identify {unknown}
 f - a scroll of remove curse {unknown}
 g - a scroll of teleportation {unknown}
Potions
 d - a potion of invisibility {unknown}
Comestibles
 e - a bread ration {@e1}


   Skills:
 - Level 3.6 Fighting
 + Level 5.2 Axes
 - Level 2.1 Armour
 - Level 1.5 Dodging


You had one spell level left.
You didn't know any spells.

Dungeon Overview and Level Annotations

Branches:
Dungeon (2/15)

Altars:


Message History

You kill the hobgoblin!
Trog accepts your kill.
You closely miss the frilled lizard. The frilled lizard bites you.
You take 3 damage, and have 15/26 hp.
The frilled lizard barely misses you. The kobold hits you.
Things that are here:
a club; a hobgoblin corpse You take 3 damage, and have 12/26 hp.
You hit the kobold but do no damage. You hit the frilled lizard.
You kill the frilled lizard!
Trog accepts your kill.
Your Axes skill increases to level 5!
The kobold hits you.
* * * LOW HITPOINT WARNING * * *
You take 1 damage, and have 11/26 hp.
You hit the kobold.
The kobold is severely wounded.
The kobold hits you but does no damage.
You hit the kobold.
You kill the kobold!
Trog accepts your kill.
There is a stone staircase leading down here.
You climb downwards. 2 jackals, a goblin and a kobold come into view.
The kobold shouts!
The goblin shouts!
You hear a shout!
Found a stone staircase leading up.
There is a stone staircase leading up here.
You hit the kobold but do no damage. You hit the goblin.
The kobold hits you with a whip.
* * * LOW HITPOINT WARNING * * *
The goblin hits you but does no damage.
A kobold comes into view. It is wielding a whip.
You take 3 damage, and have 8/26 hp.
A red film seems to cover your vision as you go berserk!
You feel yourself moving faster!
You feel mighty!
You feel quite a bit more hungry.
The kobold throws a stone.
The stone closely misses you.
The stone hits the goblin but does no damage.
The goblin barely misses you. The kobold hits you with a whip!
* * * LOW HITPOINT WARNING * * *
You now have 6/39 hp.
You closely miss the kobold. You slash the goblin!
You kill the goblin!
Trog accepts your kill.
You slash the jackal!
You kill the jackal!
Trog accepts your kill.
You closely miss the kobold.
The kobold throws a stone.
The stone closely misses you. The kobold misses you.
You barely miss the jackal. You slash the kobold!
You kill the kobold!
Trog accepts your kill. The jackal barely misses you.
You hit the jackal.
The jackal is heavily wounded.
The jackal misses you.
You slash the jackal!
You kill the jackal!
Trog accepts your kill.
A leopard gecko comes into view.
The leopard gecko hisses angrily.
A goblin comes into view. It is wielding a club.
There is a stone staircase leading up, spattered with blood here.
Things that are here:
a whip; a kobold corpse You feel a strong urge to attack something.
The goblin shouts!
The kobold throws a stone.
The stone hits you but does no damage.
You climb upwards.
There is a stone staircase leading down here.
Unknown command.
You feel your anger subside.
You are no longer berserk.
You are exhausted.
You feel yourself slow down.
Things that are here:
a club; a hobgoblin corpse You now have 4/26 hp.
You see here a stone.
You see here a stone.
Things that are here:
a short sword; a leather armour You see here a scroll labeled QECUHA EMAFOD.
g - a scroll labeled QECUHA EMAFOD You feel yourself speed up.
A leopard gecko comes into view.
The leopard gecko hisses angrily.
The leopard gecko barely misses you.
You closely miss the leopard gecko. The leopard gecko bites you.
* * * LOW HITPOINT WARNING * * *
You take 3 damage, and have 6/26 hp.
You hit the leopard gecko.
The leopard gecko is severely wounded.
The leopard gecko bites you.
* * * LOW HITPOINT WARNING * * *
The leopard gecko misses you.
You take 3 damage, and have 3/26 hp.
You miss the leopard gecko.
The leopard gecko is severely wounded.
The leopard gecko bites you.
You die...

█.█ █.█ ███
...███)███...
█.███.██████.
██.█.█.█.███
█............ █.)███.█
█████.██████ █.█.█ ██
█.█ █ █.██.█ █.█ .█ █.█
██
█.██████.████.█████████
█...........█.......(..
██████@█.█..██████.████
█l..█ █.███ █.███ █...█
█.. ██..██ ... █...█
█.██ █.... █.█ █....
█.█ ██.... █.....


You could see a leopard gecko.

Vanquished Creatures
  2 dart slugs (D:1)
  A bat (D:1)
  A hobgoblin (D:1)
  2 jackals (D:2)
  4 kobolds
  A frilled lizard (D:1)
  2 goblins
13 creatures vanquished.

Vanquished Creatures (others)
  A rat (D:1)
1 creature vanquished.

Grand Total: 14 creatures vanquished

Notes
Turn   | Place    | Note
-------+----------+-------------------------------------------
     0 | D:1      | Goblin1989 the Hill Orc Berserker began the quest for the Orb.
     0 | D:1      | Reached XP level 1. HP: 19/19 MP: 1/1
    83 | D:1      | Reached XP level 2. HP: 19/26 MP: 2/2
   134 | D:1      | Reached skill level 5 in Axes
   194 | D:1      | Slain by a leopard gecko

Vault maps used:
D:1:      lemuel_arrival_lava_pool, grunt_decor_one_mirror
D:2:      okawaru_metal_pillars_1_2

Skill      XL: |  1  2 |
---------------+-------+-----
Axes           | 5 |  5.2
Fighting       | |  3.6
Armour         | |  2.1
Dodging        | |  1.5

Action                   || total
-------------------------++-------
Melee: Hand axe          ||    31
Invok: Berserk           ||     1
Armor: Animal skin       ||     4
Dodge: Dodged            ||    23

Vault maps used:
D:1:      lemuel_arrival_lava_pool, grunt_decor_one_mirror
D:2:      okawaru_metal_pillars_1_2
